 Dungeon Crawl Stone Soup version 0.30-a0-1094-g860fb061e7 (webtiles) character file.

Game seed: 6221460328341974862

2 Chudface the Caller (level 1, -1/7 HPs)
             Began as a Felid Summoner on Apr 17, 2023.
             Slain by a rat (2 damage)
             ... on level 1 of the Dungeon.
             The game lasted 00:01:35 (291 turns).

Chudface the Caller (Felid Summoner)                 Turns: 291, Time: 00:01:36

Health: -1/7       AC:  1    Str:  4    XL:     1   Next: 25%
Magic:  4/4        EV: 17    Int: 16    God:
Gold:   32         SH:  0    Dex: 16    Spells: 3/4 levels left
                                        Lives:  0   Deaths: 0

rFire   . . .      SeeInvis +    (weapon unavailable)
rCold   . . .      Faith    .    (shield unavailable)
rNeg    . . .      Spirit   .    (body armour unavailable)
rPois   .          Reflect  .    (helmet unavailable)
rElec   .          Rampage  .    (cloak unavailable)
rCorr   .                        (gloves unavailable)
Will    .....                    (boots unavailable)
Stlth   ++                       (no amulet)
HPRegen 0.21/turn                (no ring)
MPRegen 0.09/turn                (no ring)

@: quick
A: very small, claws 1, fangs 3, see invisible, speed 1, shaggy fur 1, stealthy
paws, no weapons or thrown items, no armour, multi-lived
a: no special abilities


You were on level 1 of the Dungeon.
You visited 1 branch of the dungeon, and saw 2 of its levels.

You collected 32 gold pieces.

Inventory:

Scrolls
 b - a scroll of blinking {unknown}
 c - a scroll of identify {unknown}
Potions
 a - a potion of magic


   Skills:
 + Level 2.7 Dodging
 + Level 2.8 Stealth
 + Level 2.0 Spellcasting
 + Level 4.0 Summonings


You had 3 spell levels left.
You knew the following spells:

 Your Spells              Type           Power      Damage    Failure   Level
a - Summon Small Mammal   Summ           56%        N/A       4%          1

Your spell library contained the following spells:

 Spells                   Type           Power      Damage    Failure   Level
 Call Imp                 Summ           28%        N/A       6%          2
 Call Canine Familiar     Summ           14%        N/A       12%         3
 Summon Guardian Golem    Hex/Summ       8%         N/A       26%         3
 Summon Lightning Spire   Summ/Air       8%         N/A       65%         4


Dungeon Overview and Level Annotations

Branches:
Dungeon (2/15)

Altars:


Innate Abilities, Weirdness & Mutations

You have sharp claws.
You have razor-sharp teeth.
You have supernaturally acute eyesight. (SInv)
You cover ground quickly. (Speed+)
You are covered in fur. (AC +1)
Your paws help you pounce on unaware monsters.
You are incapable of wielding weapons or throwing items.
You cannot wear armour.
You gain extra lives every three experience levels.


Message History

You kill the kobold!
Things that are here:
a +0 whip; a stone; a kobold corpse A sourceless malevolence fills the Dungeon...
You fall into a shaft and drop 1 floor!
The shaft crumbles and collapses.
Found 4 stones.
Found an escape hatch in the ceiling.
You now have 32 gold pieces (gained 15).
Found a robe and a glowing coppery potion.
A hobgoblin comes into view.
The hobgoblin shouts!
There is an escape hatch in the ceiling here.
A mysterious force pulls you upwards. The hatch slams shut behind you.
Things that are here:
a stone; a +0 whip; a kobold corpse
Things that are here:
a stone; a +0 whip; a kobold corpse
Found a stone staircase leading down.
A dart slug comes into view.
A rat comes into view.
The helpless dart slug fails to defend itself.
You scratch the dart slug.
You bite the dart slug, but do no damage.
The dart slug is heavily wounded.
You scratch the dart slug.
The dart slug is heavily wounded.
The dart slug bites you.
You scratch the dart slug but do no damage.
You bite the dart slug.
The dart slug is severely wounded.
The rat bites you. The dart slug launches a dart at you.
The slug dart hits you.
* * * LOW HITPOINT WARNING * * *
Okay, then.
Okay, then.
You scratch the dart slug.
The dart slug is almost dead.
The rat bites you.
You die...

#...#.# #.....# .
#..##.# .. ###.....#
♣8 #####.##.##.# #.
###...........#
##..#....##.#..#..#
#....r...#........#
#.####@.....##....#
.......w>..........#
#########.###.#.....#
#.# .#..#..# ..#
.####..# ###


You could see a dart slug and a rat.

Vanquished Creatures
  A kobold (D:1)
  A rat (D:1)
2 creatures vanquished.

Notes
Turn   | Place    | Note
-------+----------+-------------------------------------------
     0 | D:1      | Chudface the Felid Summoner began the quest for the Orb.
     0 | D:1      | Reached XP level 1. HP: 7/7 MP: 4/4
   215 | D:1      | You fall into a shaft and drop 1 floor!
   291 | D:1      | Slain by a rat

Illustrated notes

Levels and vault maps discovered:
D:1:      lightli_arrival_windingriver, layout_basic,
          chequers_ecumenical_altar_lobes, chequers_serial_rivers_large_a
D:2:      layout_basic, serial_shops, nicolae_shop_stone

Action                     || total
---------------------------++-------
  Melee: Unarmed           ||    14
         Bite              ||     3
   Stab: Sleeping          ||     1
 Armour: Skin              ||     1
  Dodge: Dodged            ||     6

Table legend: (Time is in decaauts)
 A = Elapsed time spent in this place.
 B = Non-inter-level travel time spent in this place.
 C = Inter-level travel time spent in this place.
 D = Time resting spent in this place.
 E = Time spent auto-exploring this place.
 F = Levels seen in this place.
 G = Mean time per level.
                   A        B        C        D        E       F      G
               +--------+--------+--------+--------+--------+-----+--------+
         Total |    237 |    150 |     87 |      0 |      0 |   2 |  118.5 |
       Dungeon |    237 |    150 |     87 |      0 |      0 |   2 |  118.5 |
               +--------+--------+--------+--------+--------+-----+--------+

Top non-repeatable levels by time:
     D:1: 227 daAuts
     D:2: 9 daAuts
